Map: Coda EC

Players

bobshkibob

  • Race: Zerg Zerg

AgCl - Winner!

  • Race: Protoss Protoss

VOD

Have the link to the VOD?

Description

Time

  • Played on: May 15, 2015, 8:40 p.m.
  • Length: 25:45
Show
View Real Time Build Order
Export as new Build Order

bobshkibob Zerg 

Build Orders: Pool First 

Get SALT Encoding   

  12  0:01  Drone  
  13  0:12  Overlord  
  13  0:18  Drone  
  14  0:30  Drone  
  14  0:31  Drone  
  16  0:36  Drone  
  17  0:47  Drone  
  18  1:01  Drone  
  19  1:06  Spawning Pool  
  18  1:15  Hatchery  
  17  1:24  Drone x2  
  19  1:27  Extractor  
  18  1:37  Drone  
  19  1:40  Overlord  
  19  1:57  Zergling x2  
  20  2:04  Zergling x2  
  20  2:05  Queen  
  24  2:15  Zergling x2  
  24  2:22  Zergling x2  
  25  2:27  Queen  
  27  2:31  Metabolic Boost  
  27  2:35  Drone  
  27  2:36  Drone  
  29  2:41  Queen  
  30  2:52  Drone x3  
  30  2:57  Drone  
  34  3:03  Overlord  
  34  3:08  Drone  
  35  3:17  Zergling x2  
  35  3:25  Hatchery  
  34  3:30  Drone  
  34  3:31  Drone x3  
  38  3:37  Roach Warren  
  38  3:40  Overlord  
  38  3:41  Drone x3  
  40  4:01  Spore Crawler  
  40  4:02  Drone x2  
  41  4:03  Drone x4  
  41  4:05  Spore Crawler  
  44  4:17  Drone x2  
  45  4:26  Extractor  
  45  4:28  Extractor  
  45  4:29  Lair  
  43  4:33  Extractor  
  42  4:43  Drone  
  42  4:44  Drone x8  
  51  5:06  Drone  
  52  5:07  Drone x6  
  52  5:12  Spore Crawler  
  52  5:13  Extractor  
  56  5:17  Extractor  
  56  5:18  Drone, Spine Crawler  
  56  5:19  Drone x3, Overlord  
  56  5:20  Overlord  
  51  5:39  Roach  
  51  5:40  Roach x5  
  63  5:48  Spire  
  61  5:58  Roach x6  
  61  5:59  Overlord x2  
  73  6:09  Glial Reconstitution  
  73  6:17  Roach x5  
  80  6:42  Hydralisk Den  
  80  6:44  Queen  
  80  6:46  Queen  
  83  7:03  Mutalisk  
  83  7:04  Mutalisk x2  
  89  7:17  Evolution Chamber  
  89  7:19  Roach  
  89  7:20  Hatchery, Overlord x2  
  89  7:37  Overlord x2  
  89  7:38  Overlord x2  
  89  7:49  Mutalisk x2  
  85  8:05  Mutalisk x2  
  85  8:06  Mutalisk  
  91  8:20  Mutalisk x2  
  93  8:31  Mutalisk x3  
  75  8:42  Drone x3  
  78  9:04  Drone x3  
  78  9:05  Drone x4  
  78  9:07  Spore Crawler  
  76  9:23  Mutalisk x6  
  73  9:42  Mutalisk x2  
  73  9:43  Mutalisk x4  
  68  9:59  Corruptor x2  
  70  10:14  Corruptor x2  
  74  10:41  Corruptor x3  
  80  11:10  Corruptor  
  80  11:11  Corruptor x2  
  75  11:51  Zerg Flyer Weapons Level 1  
  73  11:54  Corruptor  
  73  11:55  Corruptor  
  73  11:56  Hatchery  
  73  12:01  Mutalisk x2  
  72  12:34  Mutalisk x5  
  74  13:15  Infestation Pit  
  74  13:19  Drone x11  
  84  13:55  Hatchery  
  77  14:08  Pathogen Glands  
  76  14:26  Spore Crawler  
  76  14:29  Spore Crawler  
  57  14:48  Infestor x3  
  57  14:50  Infestor x2  
  57  14:51  Hydralisk x5  
  57  14:52  Hydralisk  
  79  14:58  Zerg Missile Weapons Level 1  
  79  15:24  Hydralisk x2  
  82  15:40  Spore Crawler  
  82  15:42  Spine Crawler  
  80  16:01  Muscular Augments  
  80  16:03  Hydralisk x3  
  86  16:26  Queen  
  86  16:29  Hatchery  
  87  16:40  Zergling x10  
  92  16:58  Drone x5  
  92  16:59  Drone x2  
  99  17:24  Extractor  
  98  17:48  Extractor  
  98  17:50  Extractor  
  96  17:52  Hydralisk  
  96  17:53  Hydralisk x4  
  96  17:54  Zergling x2  
  96  17:55  Zergling x22  
  118  18:18  Drone x3  
  121  18:20  Zergling x2  
  121  18:21  Zergling x12  
  103  19:27  Spore Crawler  
  102  19:36  Overseer  
  102  19:42  Hydralisk x7  
  102  19:43  Hydralisk x2  
  102  19:45  Overlord x3  
  120  19:46  Overlord x4  
  120  20:12  Hatchery  
  112  21:17  Hatchery  
  111  21:27  Hydralisk x2  
  111  21:28  Hydralisk x10  
  135  22:04  Infestor x2  
  135  22:05  Infestor x2  
  143  22:36  Hydralisk x7  
  103  22:58  Overseer  
  83  22:59  Hydralisk  
  83  23:00  Hydralisk  
  85  23:17  Drone x6  
  85  23:18  Drone x4  
  87  23:37  Spine Crawler  
  86  23:45  Spore Crawler  
  85  23:56  Spore Crawler  
  85  23:57  Queen  
  85  23:58  Drone  
  85  23:59  Drone x3  
  90  24:39  Hatchery  
  89  25:04  Hydralisk x11  
  111  25:10  Drone x2  
  111  25:11  Drone  
Show
View Real Time Build Order
Export as new Build Order

AgCl Protoss - Winner!

Build Orders: Oracle Opening, Oracle Opening 

Get SALT Encoding   

  12  0:19  Probe  
  13  0:23  Pylon  
  13  0:31  Probe  
  14  0:43  Probe  
  14  0:44  Assimilator  
  15  0:55  Probe, Gateway  
  16  1:07  Probe  
  17  1:19  Probe (Chrono Boost)  
  17  1:23  Pylon  
  18  1:30  Probe (Chrono Boost)  
  19  1:37  Probe (Chrono Boost)  
  20  1:44  Cybernetics Core, Zealot (Chrono Boost)  
  22  1:48  Probe (Chrono Boost)  
  23  2:00  Probe (Chrono Boost)  
  24  2:08  Probe (Chrono Boost)  
  24  2:11  Assimilator  
  24  2:17  Probe  
  25  2:26  Gateway  
  26  2:30  Probe (Chrono Boost)  
  26  2:33  Adept, Stargate  
  28  2:41  Probe (Chrono Boost)  
  29  2:48  Probe (Chrono Boost)  
  28  2:59  Mothership Core  
  28  3:04  Warp Gate (Chrono Boost)  
  28  3:05  Nexus  
  28  3:20  Probe  
  29  3:30  Pylon  
  29  3:46  Probe  
  29  3:48  Oracle  
  33  3:56  Gateway  
  33  3:58  Probe  
  34  4:10  Assimilator  
  34  4:12  Probe (Chrono Boost)  
  35  4:20  Probe (Chrono Boost)  
  37  4:26  Probe (Chrono Boost)  
  37  4:30  Probe (Chrono Boost)  
  38  4:34  Probe (Chrono Boost)  
  40  4:39  Fleet Beacon, Probe (Chrono Boost)  
  40  4:41  Probe (Chrono Boost)  
  40  4:45  Assimilator  
  41  4:49  Probe  
  41  4:52  Probe  
  43  4:56  Void Ray  
  47  5:01  Probe  
  47  5:04  Probe  
  47  5:05  Adept  
  51  5:13  Probe  
  52  5:15  Pylon  
  52  5:18  Pylon  
  52  5:32  Carrier (Chrono Boost)  
  52  5:33  Probe x2  
  54  5:37  Adept x3  
  60  5:44  Pylon  
  60  5:45  Probe  
  67  6:00  Probe (Chrono Boost)  
  67  6:03  Nexus  
  69  6:05  Graviton Catapult (Chrono Boost)  
  69  6:08  Probe (Chrono Boost), Protoss Air Weapons Level 1 (Chrono Boost)  
  70  6:11  Probe (Chrono Boost)  
  70  6:14  Pylon  
  70  6:15  Pylon  
  70  6:16  Probe (Chrono Boost)  
  71  6:25  Carrier (Chrono Boost)  
  63  6:46  Probe  
  67  6:52  Pylon  
  67  6:56  Gateway  
  67  7:22  Carrier (Chrono Boost)  
  67  7:26  Assimilator  
  67  7:29  Probe (Chrono Boost), Assimilator  
  67  7:30  Probe (Chrono Boost)  
  67  7:33  Stargate  
  67  7:35  Pylon  
  67  7:36  Stargate  
  72  7:55  Forge  
  72  7:56  Gateway  
  72  7:58  Carrier (Chrono Boost)  
  72  8:01  Pylon  
  63  8:20  Carrier (Chrono Boost)  
  63  8:21  Void Ray (Chrono Boost)  
  73  8:42  Nexus  
  73  8:43  Assimilator  
  73  8:44  Assimilator  
  69  9:27  Phoenix x2 (Chrono Boost)  
  73  9:36  Probe (Chrono Boost)  
  73  9:37  Photon Cannon  
  75  9:41  Probe (Chrono Boost)  
  73  9:46  Probe (Chrono Boost)  
  73  9:49  Probe (Chrono Boost)  
  72  9:56  Phoenix  
  74  10:20  Pylon  
  74  10:23  Probe (Chrono Boost)  
  76  10:32  Probe (Chrono Boost)  
  76  10:35  Twilight Council  
  76  10:39  Probe (Chrono Boost)  
  78  10:45  Probe (Chrono Boost)  
  78  10:56  Anion Pulse-Crystals (Chrono Boost)  
  78  10:59  Probe  
  79  11:12  Probe  
  79  11:29  Phoenix x2 (Chrono Boost)  
  77  11:34  Probe  
  77  11:39  Carrier (Chrono Boost)  
  78  12:13  Phoenix  
  78  12:14  Phoenix  
  81  12:34  Probe (Chrono Boost)  
  81  12:36  Dark Shrine  
  81  12:38  Photon Cannon  
  81  12:40  Pylon  
  81  12:42  Probe (Chrono Boost)  
  83  12:45  Probe (Chrono Boost)  
  85  12:53  Probe (Chrono Boost)  
  85  12:55  Probe (Chrono Boost)  
  85  12:56  Probe (Chrono Boost)  
  82  13:08  Void Ray (Chrono Boost)  
  86  13:21  Photon Cannon  
  86  13:30  Phoenix (Chrono Boost)  
  86  13:31  Gateway  
  88  13:35  Protoss Air Weapons Level 2 (Chrono Boost)  
  88  13:46  Phoenix (Chrono Boost)  
  90  13:54  Dark Templar  
  96  14:12  Void Ray (Chrono Boost)  
  96  14:21  Phoenix (Chrono Boost)  
  98  14:32  Carrier (Chrono Boost)  
  98  14:33  Carrier (Chrono Boost)  
  94  14:49  Dark Templar  
  94  14:51  Protoss Ground Weapons Level 1 (Chrono Boost)  
  108  15:04  Forge  
  108  15:07  Probe  
  108  15:08  Probe  
  108  15:13  Probe  
  111  15:19  Void Ray (Chrono Boost)  
  111  15:20  Probe  
  116  15:32  Carrier (Chrono Boost)  
  116  15:36  Carrier (Chrono Boost)  
  122  16:05  Templar Archives  
  122  16:19  Gateway  
  122  16:32  Pylon  
  122  16:49  Psionic Storm  
  122  17:00  Nexus  
  122  17:02  Pylon  
  122  17:05  High Templar x2  
  126  17:11  Pylon  
  126  17:25  Nexus  
  126  17:30  High Templar x2  
  130  17:41  Robotics Facility  
  130  17:55  Photon Cannon  
  130  17:59  Protoss Air Weapons Level 3 (Chrono Boost)  
  130  18:19  Protoss Ground Weapons Level 2 (Chrono Boost)  
  130  18:21  Protoss Shields Level 1 (Chrono Boost)  
  130  18:29  Observer (Chrono Boost)  
  131  18:44  Observer (Chrono Boost)  
  132  18:50  Dark Templar x2  
  132  18:51  Dark Templar  
  138  19:01  Zealot x2  
  123  19:17  Probe (Chrono Boost)  
  118  19:25  Photon Cannon  
  118  19:29  High Templar  
  118  19:31  Gateway  
  120  19:43  High Templar  
  124  19:53  Probe (Chrono Boost)  
  124  19:56  Probe (Chrono Boost)  
  124  19:58  Probe (Chrono Boost)  
  125  20:05  Probe  
  125  20:06  Probe  
  127  20:19  Photon Cannon  
  127  20:22  Photon Cannon  
  127  20:26  Probe x2  
  129  20:31  High Templar  
  131  20:35  Pylon x2  
  131  20:39  Zealot  
  133  20:43  Dark Templar  
  125  20:55  Probe (Chrono Boost)  
  128  21:00  Probe x2 (Chrono Boost)  
  128  21:02  Pylon, Photon Cannon  
  128  21:17  Dark Templar  
  130  21:19  Probe x3  
  133  21:38  Dark Templar  
  133  21:39  Zealot x3  
  141  21:43  Zealot  
  143  21:48  Probe  
  134  21:54  Photon Cannon  
  134  21:57  Probe (Chrono Boost)  
  135  22:01  Phoenix  
  138  22:10  Probe (Chrono Boost)  
  138  22:20  Protoss Air Armor Level 1 (Chrono Boost)  
  138  22:22  Protoss Ground Weapons Level 3 (Chrono Boost)  
  136  23:05  Observer  
  136  23:10  Zealot, Carrier (Chrono Boost)  
  136  23:11  Zealot x3  
  144  23:19  Archon x3  
  145  23:27  Observer  
  145  23:33  Void Ray (Chrono Boost)  
  147  23:50  High Templar  
  147  23:53  High Templar x2  
  153  23:57  Probe x3  
  156  24:22  Nexus  
  152  24:41  Archon  
Tags
 
Add a new tag
Caveats
  • Supply blocks, unpowered buildings, or Contaminate may cause inaccurate times.
  • Supply counts are checked every 10 seconds.